 Dungeon Crawl Stone Soup version 0.23.1 (webtiles) character file.

Game seed: 17981539482454939275

330 Xenon25 the Cudgeler (level 6, -2/51 HPs)
             Began as a Hill Orc Fighter on Mar 10, 2019.
             Killed from afar by Sigmund (3 damage)
             ... with a magic dart
             ... on level 4 of the Dungeon.
             The game lasted 00:06:03 (3596 turns).

Xenon25 the Cudgeler (Hill Orc Fighter)             Turns: 3596, Time: 00:06:04

Health: -2/51      AC:  8    Str: 26    XL:     6   Next: 51%
Magic:  6/6        EV:  8    Int:  8    God:
Gold:   268        SH:  9    Dex: 10    Spells: 5/5 levels left

rFire    . . .     SeeInvis .   p - +0 flail
rCold    . . .     Gourm    .   c - +0 shield
rNeg     . . .     Faith    .   b - +0 scale mail
rPois    .         Spirit   .   (no helmet)
rElec    .         Reflect  .   (no cloak)
rCorr    .         Harm     .   o - +0 pair of gloves
MR       .....                  (no boots)
Stlth    ..........             (no amulet)
HPRegen  0.17/turn              (no ring)
MPRegen  0.10/turn              (no ring)

@: mighty, lethally poisoned (-2 -> -7)
A: no striking features
a: no special abilities


You were on level 4 of the Dungeon.
You were not hungry.

You visited 1 branch of the dungeon, and saw 4 of its levels.

You collected 268 gold pieces.

Inventory:

Hand Weapons
 a - a +0 flail
 p - a +0 flail (weapon)
Armour
 b - a +0 scale mail (worn)
 c - a +0 shield (worn)
 o - a +0 pair of gloves (worn)
Jewellery
 k - an uncursed amulet of harm {unknown}
Wands
 j - a wand of digging (7)
Scrolls
 g - 2 scrolls of enchant weapon {unknown}
 h - 3 scrolls of random uselessness {unknown}
 i - 3 scrolls of teleportation {unknown}
 l - a scroll of remove curse {unknown}
 m - a scroll of blinking {unknown}
 q - a scroll of amnesia {unknown}
 r - a scroll of identify {unknown}
Potions
 e - 2 potions of flight {unknown}
 n - a potion of agility {unknown}
 s - a potion of magic {unknown}
Comestibles
 f - 6 rations


   Skills:
 - Level 3.6 Fighting
 * Level 7.1 Maces & Flails
 - Level 3.2 Armour
 + Level 1.0 Dodging
 - Level 3.2 Shields


You had 5 spell levels left.
You didn't know any spells.
Your spell library contained the following spells:

 Spells                   Type           Power        Failure   Level  Hunger
 Confusing Touch          Hex            #.....       99%         1    ##.....
 Confuse                  Hex            #.......     100%        3    ####...
 Gell's Gravitas          Tloc           #.........   100%        3    ####...
 Petrify                  Tmut/Erth      #.......     100%        4    #####..
 Metabolic Englaciation   Hex/Ice        #.........   100%        5    ######.
 Yara's Violent Unravell  Hex/Tmut       #.........   100%        5    ######.


Dungeon Overview and Level Annotations

Branches:
Dungeon (4/15)
 Temple: D:4-7

Altars:
Beogh

Portals:
Sewer: D:4

Annotations:
D:4 Sigmund


Message History

You feel sick.
Found 15 gold pieces.
There is a stone staircase leading up here.
Sigmund the Dreaded comes into view.
He is wielding a +0 scythe.
You feel sick.
Sigmund shouts!
Sigmund moves out of view.
Found 21 stones.
You feel sick.
Sigmund hits you from afar with a +0 scythe!
* * * LOW HITPOINT WARNING * * *
* * * LOW HITPOINT WARNING * * *
You feel sick.
There is an escape hatch in the floor here.
You feel very mighty all of a sudden.
* * * LOW HITPOINT WARNING * * *
You feel sick. Sigmund gestures at you while chanting. The magic dart hits you.
You die...

#.. #.# #.# .. .(# ####
####..# #.# #..
≈.......## #.# ..#
≈≈≈≈≈##... #.#
..##≈≈≈≈≈##....#@#
..≈≈.≈...≈≈...$#.#######
..≈≈.....≈≈....@........
....≈.∩..≈≈....#.#######
..†≈.....≈≈.####<#
..≈≈.....≈≈.# #.#
..##≈≈≈≈≈##.# #†#
<.##≈≈≈≈≈##.####.#
#...............%#


You could see Sigmund.

Vanquished Creatures
  A scorpion (D:4)
  An orc priest (D:3)
  A hound (D:3)
  Jessica (D:2)
  An orc wizard (D:2)
  A river rat (D:4)
  8 adders
  2 oozes (D:2)
  A worm (D:3)
  A dart slug (D:3)
  2 leopard geckos
  4 orcs
  3 giant cockroaches
  6 goblins
  8 hobgoblins
  4 jackals
  3 quokkas
  2 ball pythons (D:4)
  9 bats
  6 frilled lizards
  7 kobolds
  11 rats
83 creatures vanquished.

Notes
Turn   | Place    | Note
-------+----------+-------------------------------------------
     0 | D:1      | Xenon25 the Hill Orc Fighter began the quest for the Orb.
     0 | D:1      | Reached XP level 1. HP: 19/19 MP: 1/1
    71 | D:1      | Reached XP level 2. HP: 5/26 MP: 2/2
   465 | D:1      | Reached skill level 3 in Maces & Flails
   911 | D:2      | Reached XP level 3. HP: 31/31 MP: 3/3
   980 | D:2      | Reached skill level 4 in Maces & Flails
  1124 | D:2      | Reached XP level 4. HP: 29/39 MP: 4/4
  1167 | D:2      | Noticed Jessica
  1180 | D:2      | Killed Jessica
  1180 | D:2      | Reached skill level 5 in Maces & Flails
  1316 | D:2      | Reached XP level 5. HP: 27/45 MP: 5/5
  2706 | D:3      | Reached skill level 6 in Maces & Flails
  3360 | D:3      | Found a faded altar of an unknown god.
  3367 | D:3      | Reached XP level 6. HP: 50/51 MP: 6/6
  3474 | D:3      | Found a roughly hewn altar of Beogh.
  3529 | D:4      | Found a glowing drain.
  3588 | D:4      | Reached skill level 7 in Maces & Flails
  3588 | D:4      | Reached skill level 1 in Dodging
  3592 | D:4      | Noticed Sigmund
  3594 | D:4      | HP: 2/51 [poisoned by a scorpion]
  3596 | D:4      | Killed from afar by Sigmund

Skill      XL: |  1  2  3  4  5  6 |
---------------+-------------------+-----
Maces & Flails | 3 4 5 6 7 |  7.1
Dodging        | 1 |  1.0
Fighting       | |  3.6
Armour         | |  3.2
Shields        | |  3.2

Action                   |  1- 3 |  4- 6 || total
-------------------------+-------+-------++-------
Melee: Flail             |   143 |   234 ||   377
  Use: Potion            |       |     1 ||     1
  Eat: Chunk             |       |     2 ||     2
       Ration            |       |     2 ||     2
Armor: Scale mail        |    78 |   133 ||   211
Dodge: Dodged            |    65 |    73 ||   138
Block: Shield            |    82 |    99 ||   181
